 Dungeon Crawl Stone Soup version 0.29-a0-378-gc08b2e8bf8 (webtiles) character file.

Game seed: 9391638311994823254

1019 jlumianski the Magician (level 8, -4/52 HPs)
             Began as a Djinni Ice Elementalist on May 4, 2022.
             Was a Priest of Zin.
             Killed by divine providence
             ... invoked by an orc priest
              (8 damage)
             ... on level 6 of the Dungeon.
             The game lasted 00:40:55 (8193 turns).

jlumianski the Magician (Djinni Ice Elementalist)   Turns: 8193, Time: 00:40:56

Health: -4/52      AC:  4    Str:  7    XL:     8   Next: 46%
Gold:   83         EV: 13    Int: 19    God:    Zin [***...] SH:  0 Dex: 20

rFire   + + .      SeeInvis .   f - +1 short sword
rCold   x . .      Faith    .   (no shield)
rNeg    . . .      Spirit   .   a - +0 robe
rPois   ∞          Reflect  .   s - +1 helmet
rElec   .          Harm     .   d - scarf {+Inv}
rCorr   .          Rampage  .   (no gloves)
Will    .....                   (boots unavailable)
Stlth   +++.......              (no amulet)
HPRegen 0.17/turn               b - ring "Rygaetaes" {Dex+6 Slay+2}
MPRegen 0.00/turn               (no ring)

@: on recite cooldown, freezing walls, flying
A: sickness immunity, fire resistance 2, cold vulnerability 1, float, innate
caster, HP casting, extra vitality 1
a: Renounce Religion, Evoke Invisibility, Recite, Vitalisation, Imprison, Donate
Gold


You were on level 6 of the Dungeon.
You worshipped Zin.
Zin was most pleased with you.
You visited 2 branches of the dungeon, and saw 7 of its levels.
You also visited: Ossuary.

You collected 333 gold pieces.
You donated 250 gold pieces to Zin.

Inventory:

Hand Weapons
 f - a +1 short sword (weapon)
Missiles
 e - 3 boomerangs
 g - 18 poisoned darts (quivered)
 l - 100 stones
 m - 5 atropa-tipped darts
 t - 3 datura-tipped darts
Armour
 a - a +0 robe (worn)
 d - a scarf of invisibility (worn)
 s - a +1 helmet (worn)
Jewellery
 b - the ring "Rygaetaes" (left hand) {Dex+6 Slay+2}
   (You found it on level 2 of the Dungeon)

   [ring of dexterity]

   Dex:       It affects your dexterity (+6).
   Slay:      It affects your accuracy & damage with ranged weapons and melee
   (+2).
Wands
 u - a wand of paralysis (19)
 C - a wand of charming (17)
 D - a wand of flame (9)
Scrolls
 c - 2 scrolls of teleportation
 j - 2 scrolls of blinking
 v - 2 scrolls of torment
 B - a scroll of acquirement {unknown}
 F - a scroll of fog {unknown}
 I - a scroll of enchant armour {unknown}
Potions
 h - 2 potions of haste
 i - a potion of attraction
 n - a potion of mutation
 o - 2 potions of curing
 p - 2 potions of heal wounds
 q - 2 potions of resistance
 r - 3 potions of degeneration
 z - a potion of lignification
 A - 2 potions of brilliance
 E - a potion of magic
 G - a potion of might


   Skills:
 + Level 1.5 Fighting
 + Level 3.0 Short Blades
 + Level 0.2 Throwing
 + Level 3.2 Dodging
 * Level 4.4 Stealth
 + Level 5.2 Spellcasting
 + Level 1.0 Invocations
 * Level 3.3 Evocations


You had one spell level left.
You knew the following spells:

 Your Spells              Type           Power      Damage    Failure   Level
a - Freeze                Ice            96%        1d11      1%          1
b - Frozen Ramparts       Ice            48%        1d6       4%          3
c - Ozocubu's Armour      Ice            24%        N/A       4%          3
d - Hailstorm             Conj/Ice       24%        3d7       14%         4
e - Pain                  Necr           96%        1d8       1%          1
f - Scorch                Fire           48%        2d7       2%          2
g - Passwall              Tmut/Erth      20%        N/A       2%          2
Your spell library was empty.

Dungeon Overview and Level Annotations

Branches:
Dungeon (6/15)             Temple (1/1) D:4         Ossuary (visited)

Altars:
Dithmenos
Fedhas
Gozag
Hepliaklqana
Kikubaaqudgha
Makhleb
Nemelex Xobeh
Okawaru
Ru
Sif Muna
Trog
Uskayaw
Vehumet
Wu Jian
Xom
Yredelemnul
Zin
The Shining One


Innate Abilities, Weirdness & Mutations

You are immune to sickness and miasma.
You are immune to poison.
Your flesh is very heat resistant. (rF++)
You are vulnerable to cold. (rC-)
You float through the air rather than walking.
You learn spells naturally, not from books.
Your magical power is your life essence.
You have superior vitality. (+4 MHP)


Message History

You hear a howl!
The orc barely misses you.
Okay, then.
Casting: Frozen Ramparts (dangerous; 4% risk of failure)
Confirm with . or Enter, or press ? or * to list all spells.
Casting: Frozen Ramparts (dangerous; 4% risk of failure)
Press: ? - help, Dir - look around, f - activate A stone staircase leading up.
The walls around you are covered in ice. "...and declared it good that they had been..."
The wall freezes the orc. x2; The orc hits you with a +0 whip.
The wall freezes the orc.
You closely miss the orc.
The orc is severely wounded. "...expelled.
And thus justice was done."
The orc is limned with silver light.
The orc is confused by your recitation.
The orc shouts!
The orc is smitten by the wrath of Zin.
You kill the orc!
You finish reciting Abominations 16:14.
The wall freezes the orc.
You kill the orc!
The wall freezes the iguana.
The wall freezes the orc.
You kill the orc!
A howler monkey comes into view.
The wall freezes the iguana!
The iguana seems to slow down.
The iguana hisses menacingly.
You hit the iguana.
You kill the iguana!
The howler monkey hoots and howls with incredible vigour!
You hear a shout! x2
Your Invocations skill increases to level 1!
The wall freezes the orc priest.
The orc priest mumbles some strange prayers to Beogh against you.
Beogh smites you!
* * * LOW HITPOINT WARNING * * *
The wall freezes the orc priest.
The orc priest mumbles some strange prayers to Beogh against you.
Beogh smites you!
You die...

...# ##########.#
#.....#..### ...# #.#
#..†.>#...# ...#
#.###.....#.#.# ...#
#...+.....#.#.## ...#
#..##....##.#..#### ...#
######..#......#.#......
...#
.......o#......#.#...##.
####
++####))#.....##.#.#.#.#
##@)...h....#.#.###
###.....####.###8.
#...##...#.##... ###.#
.#.#.#8... #.# .#
#.##... #.# ##8. #.. ###
### #


You could see a howler monkey and an orc priest.

Vanquished Creatures
  Menkaure (D:4)
  An ogre (D:4)
  6 water moccasin zombies (Ossuary)
  A howler monkey (D:6)
  2 orc priests (D:3)
  2 hounds (D:5)
  2 orc wizards (D:3)
  Ijyb (D:4)
  Natasha (D:2)
  An iguana (D:6)
  2 mummies (Ossuary)
  A gnoll (D:5)
  5 adders
  A white imp (D:4)
  An ufetubus (D:4)
  2 adder zombies (Ossuary)
  3 worms
  2 dart slugs (D:1)
  8 orcs
  5 bats
  6 endoplasms
  13 giant cockroaches
  4 gnoll zombies (Ossuary)
  7 goblins
  3 hobgoblins
  4 jackals (D:3)
  7 kobolds
  A quokka (D:2)
  3 ball pythons
  3 frilled lizards
  6 hobgoblin zombies (Ossuary)
  3 kobold zombies (Ossuary)
  6 orc zombies (Ossuary)
  3 rats
117 creatures vanquished.

Vanquished Creatures (others)
  4 fungi (D:5)
4 creatures vanquished.

Grand Total: 121 creatures vanquished

Notes
Turn   | Place    | Note
-------+----------+-------------------------------------------
     0 | D:1      | jlumianski the Djinni Ice Elementalist began the quest for
                  | the Orb.
     0 | D:1      | Reached XP level 1. HP: 15/15 MP: 0/0
    63 | D:2      | Identified the ring "Rygaetaes" {Dex+6 Slay+2}
   242 | D:2      | Reached XP level 2. HP: 18/21 MP: 0/0
   405 | D:1      | Reached XP level 3. HP: 25/25 MP: 0/0
   405 | D:1      | Learned a level 1 spell: Pain
  1504 | D:2      | Reached skill level 4 in Spellcasting
  1825 | D:2      | Reached XP level 4. HP: 24/31 MP: 0/0
  1991 | D:2      | Reached skill level 1 in Evocations
  2311 | D:2      | Noticed Natasha
  2321 | D:2      | Killed Natasha
  2416 | D:2      | Reached XP level 5. HP: 33/36 MP: 0/0
  2416 | D:2      | Learned a level 2 spell: Scorch
  2846 | D:3      | Reached skill level 1 in Short Blades
  3358 | D:3      | Reached XP level 6. HP: 32/41 MP: 0/0
  4566 | D:4      | Noticed Ijyb
  4602 | D:4      | Noticed an ogre
  4615 | D:4      | Killed an ogre
  4772 | D:4      | You are sucked into a shaft and drop 1 floor!
  4772 | D:5      | Entered Level 5 of the Dungeon
  4809 | D:4      | Found a staircase to the Ecumenical Temple.
  4868 | Temple   | Entered the Ecumenical Temple
  5021 | Temple   | Became a worshipper of the Shining One
  5606 | D:4      | Noticed Menkaure
  5630 | D:4      | Killed Menkaure
  5631 | D:4      | Reached XP level 7. HP: 20/46 MP: 0/0
  5631 | D:4      | Learned a level 2 spell: Passwall
  5838 | D:4      | Killed Ijyb
  5978 | D:4      | Found a glowing silver altar of Zin.
  5978 | D:4      | Found an opulent altar of Gozag.
  5987 | D:4      | Fell from the grace of the Shining One
  5987 | D:4      | Became a worshipper of Zin the Law-Giver
  5987 | D:4      | Reached * piety under Zin
  6290 | D:4      | Donated 124 gold pieces to Zin
  6291 | D:4      | Donated 62 gold pieces to Zin
  6292 | D:4      | Donated 31 gold pieces to Zin
  6685 | D:5      | Noticed a two-headed ogre
  6693 | D:5      | Reached skill level 1 in Fighting
  6698 | D:5      | Zin protects you from harm!
  7008 | D:6      | Reached ** piety under Zin
  7114 | D:6      | Found an ornate altar of the Wu Jian Council.
  7250 | D:6      | Found a sand-covered staircase.
  7259 | Ossuary  | Entered an ossuary
  7549 | Ossuary  | Reached skill level 5 in Spellcasting
  7549 | Ossuary  | Reached XP level 8. HP: 30/52 MP: 0/0
  7583 | Ossuary  | HP: 2/52 [water moccasin zombie (4)]
  7585 | Ossuary  | Zin protects you from harm!
  7588 | Ossuary  | HP: 1/52 [water moccasin zombie (2)]
  8030 | Ossuary  | Reached *** piety under Zin
  8192 | D:6      | Reached skill level 1 in Invocations
  8193 | D:6      | Killed from afar by an orc priest

Illustrated notes

Levels and vault maps discovered:
D:1:      dpeg_arrival_rooms_c, layout_loops_ring, minmay_statues_item,
          grunt_decor_one_mirror, corexii_leaking_fountain
D:2:      minmay_roachtagon, layout_rooms, uniq_natasha
D:3:      layout_basic
D:4:      layout_layer_cave, gammafunk_temple_overflow_claw,
          minmay_temple_entry_butterflies, uniq_menkaure, uniq_ijyb
D:5:      layout_loops_corners, slow_altar_2, dreamdust_gnoll_farm, uniq_duvessa
D:6:      kennysheep_big_flooded_room, layout_basic, nzn_wu_jian_council_hall,
          enter_ossuary_1, serial_shops, shop
Temple:   minmay_temple_curvy_branch

Skill      XL: |  1  2  3  4  5  6  7  8 |
---------------+-------------------------+-----
Spellcasting   | 4 5 |  5.2
Stealth        | 2 3 4 |  4.4
Evocations     | 1 2 3 |  3.3
Short Blades   | 1 2 3 |  3.0
Fighting       | 1 |  1.5
Dodging        | 3 |  3.2
Invocations    | 1 |  1.0
Throwing       | |  0.2

Action                   |  1- 3 |  4- 6 |  7- 9 || total
-------------------------+-------+-------+-------++-------
Melee: Short sword       |    51 |    76 |   116 ||   243
       Unarmed           |     1 |       |       ||     1
       Punch             |       |       |     1 ||     1
Throw: Dart              |       |     3 |       ||     3
 Cast: Freeze            |    14 |     2 |       ||    16
       Frozen Ramparts   |     7 |    19 |    10 ||    36
       Pain              |     2 |     7 |       ||     9
       Scorch            |       |     6 |    20 ||    26
Invok: Donate Gold       |       |       |     3 ||     3
       Recite            |       |       |     7 ||     7
  Use: Scroll            |       |    10 |     9 ||    19
       Potion            |       |     3 |     1 ||     4
 Stab: Sleeping          |     7 |     6 |     2 ||    15
Armor: Robe              |    14 |    21 |    25 ||    60
Dodge: Dodged            |    38 |    51 |    90 ||   179

Table legend: (Time is in decaauts)
 A = Elapsed time spent in this place.
 B = Non-inter-level travel time spent in this place.
 C = Inter-level travel time spent in this place.
 D = Time resting spent in this place.
 E = Time spent auto-exploring this place.
 F = Levels seen in this place.
 G = Mean time per level.
                   A        B        C        D        E       F      G
               +--------+--------+--------+--------+--------+-----+--------+
         Total |   8188 |   8109 |     79 |   1732 |   4407 |   8 | 1023.5 |
       Dungeon |   6827 |   6749 |     78 |   1154 |   4152 |   6 | 1137.8 |
        Temple |    463 |    463 |      0 |      0 |    198 |   1 |  463.0 |
       Ossuary |    897 |    897 |      0 |    578 |     57 |   1 |  897.0 |
               +--------+--------+--------+--------+--------+-----+--------+

Top non-repeatable levels by time:
     D:3: 1606 daAuts
     D:4: 1579 daAuts
     D:2: 1541 daAuts
     D:1: 1176 daAuts
 Ossuary: 897 daAuts
     D:6: 584 daAuts
  Temple: 463 daAuts
     D:5: 339 daAuts
